 Dungeon Crawl Stone Soup version 0.28.0 (webtiles) character file.

Game seed: 3419223713938167429

1216 issech the Cudgeller (level 8, -5/74 (78) HPs)
             Began as a Troll Monk on Feb 17, 2022.
             Slain by an ice beast (8 damage)
             ... on level 5 of the Dungeon.
             The game lasted 00:15:51 (4443 turns).

issech the Cudgeller (Troll Monk)                   Turns: 4443, Time: 00:15:51

HP:   -5/74 (78)    AC:  5    Str: 20    XL:     8   Next: 22%
MP:   7/7           EV: 11    Int:  6    God:
Gold: 258           SH:  5    Dex: 14    Spells: 7/7 levels left

rFire   + . .      SeeInvis .   z - +0 giant spiked club
rCold   . . .      Faith    .   (shield currently unavailable)
rNeg    . . .      Spirit   .   b - +0 robe
rPois   .          Reflect  +   (helmet restricted)
rElec   .          Harm     .   s - +0 cloak {Stlth+}
rCorr   .          Rampage  .   (gloves unavailable)
Will    .....                   (boots unavailable)
Stlth   +++.......              c - amulet of reflection
HPRegen 1.02/turn               j - ring of protection from fire
MPRegen 0.10/turn               (no ring)

@: drained
A: large, unfitting armour, claws 3, regeneration 1, shaggy fur 1, tough skin 1
a: no special abilities


You were on level 5 of the Dungeon.
You visited 1 branch of the dungeon, and saw 6 of its levels.

You collected 258 gold pieces.

Inventory:

Hand Weapons
 a - a +0 mace
 f - a +0 dagger of electrocution
 r - a +2 quarterstaff of chaos
 z - a +0 giant spiked club (weapon)
 B - a +4 hand axe
 E - a +1 vorpal trident
 H - a +0 hunting sling
Missiles
 d - 100 sling bullets
 e - 138 stones (quivered)
 t - 22 poisoned darts
 A - 21 arrows
Armour
 b - a +0 robe (worn)
 s - a +0 cloak of stealth (worn)
Jewellery
 c - an amulet of reflection (around neck)
 j - a ring of protection from fire (left claw)
 u - a ring of resist corrosion
 C - a +4 ring of evasion
Wands
 k - a wand of digging (3)
 n - a wand of polymorph (5)
Scrolls
 g - a scroll of torment
 l - a scroll of magic mapping
 m - a scroll of fear {unknown}
 v - a scroll of holy word {unknown}
 w - a scroll of fog {unknown}
 y - a scroll of amnesia {unknown}
 D - a scroll of brand weapon {unknown}
 G - a scroll of identify
Potions
 h - 2 potions of flight {unknown}
 i - a potion of mutation {unknown}
 o - a potion of might {unknown}
 p - a potion of brilliance {unknown}
 q - a potion of haste
 x - a potion of heal wounds {unknown}
 F - a potion of curing {unknown}


   Skills:
 + Level 4.1 Fighting
 + Level 6.4(6.5) Maces & Flails
 + Level 0.8(3.7) Staves
 + Level 0.6 Throwing
 + Level 4.3 Dodging
 + Level 2.1 Stealth
 + Level 1.7 Shields
 + Level 0.7 Unarmed Combat


You had 7 spell levels left.
You didn't know any spells.
Your spell library contained the following spells:

 Spells                   Type           Power      Damage    Failure   Level
 Animate Skeleton         Necr           0%         N/A       45%         1
 Apportation              Tloc           0%         N/A       45%         1
 Summon Small Mammal      Summ           0%         N/A       45%         1


Dungeon Overview and Level Annotations

Branches:
Dungeon (6/15)
 Temple: D:4-7

Altars:
Qazlal

Shops:
D:5 *


Innate Abilities, Weirdness & Mutations

You are too large for most types of armour.
You have claws for hands.
Your natural rate of healing is unusually fast.
You are covered in fur. (AC +1)
You have tough skin. (AC +1)


Message History

The kobold brigand hits you with a +0 dagger.
You bludgeon the kobold brigand!!
You kill the kobold brigand!
The ice beast hits you. The ice beast freezes you. The ice beast hits you.
The ice beast freezes you! You block the kobold's attack.
Your life force feels restored.
You closely miss the kobold.
The ice beast hits you but does no damage.
The kobold completely misses you.
You miss the kobold.
The ice beast hits you but does no damage.
The kobold hits you with a +2 short sword of draining.
You feel drained.
The ice beast hits you but does no damage.
The kobold hits you but does no damage.
You feel drained.
You hit the kobold.
The kobold is severely wounded.
The ice beast hits you. The ice beast freezes you!
You block the kobold's attack.
You hit the kobold but do no damage.
The kobold is severely wounded.
The ice beast misses you. The kobold hits you but does no damage.
You feel drained.
The ice beast hits you but does no damage.
You block the kobold's attack.
You impale the kobold!!
You kill the kobold!
The ice beast hits you but does no damage.
Items here: (( )) †.
You closely miss the ice beast. The ice beast hits you.
The ice beast freezes you!
* * * LOW HITPOINT WARNING * * *
The ice beast hits you.
* * * LOW HITPOINT WARNING * * *
The ice beast freezes you!
* * * LOW HITPOINT WARNING * * *
You barely miss the ice beast. The ice beast hits you.
* * * LOW HITPOINT WARNING * * *
The ice beast freezes you!
You die...

#...... ####.....###.#..
+...... .........'...<..
#......## ###...[.####.#.
#.......# #.....# #.#.
#.......# #.....# #.#.
#......∩######.....# #.#.
#.#..........####.#.
#)#......###........
#.Y@.....# #........
#....)####'#####........
#.......#...[.............
#####.###................#
...#..................'
#####.#................#
#.#.........#####...
#.#.........# ###.#.
#.#.........# #.....


You could see an ice beast.

Vanquished Creatures
  Grinder (D:3)
  Sigmund (D:2)
  A water moccasin (D:5)
  2 ogres (D:5)
  A phantom (D:3)
  2 kobold brigands
  A scorpion (D:5)
  A hound (D:4)
  Crazy Yiuf (D:3)
  Jessica (D:3)
  Ijyb (D:3)
  2 orc wizards
  A hound skeleton (D:5)
  A howler monkey zombie (D:6)
  Robin (D:2)
  4 adders
  An ufetubus (D:5)
  4 dart slugs
  8 orcs
  2 ball pythons
  3 endoplasms
  2 giant cockroaches
  4 hobgoblins
  9 kobolds
  2 quokkas
  2 bats
  2 frilled lizards (D:3)
  7 goblins
  3 rats
  A butterfly (D:3)
72 creatures vanquished.

Vanquished Creatures (others)
  An orc wizard (D:4)
  2 plants (D:3)
3 creatures vanquished.

Grand Total: 75 creatures vanquished

Notes
Turn   | Place    | Note
-------+----------+-------------------------------------------
     0 | D:1      | issech the Troll Monk began the quest for the Orb.
     0 | D:1      | Reached XP level 1. HP: 22/22 MP: 0/0
   263 | D:1      | Reached XP level 2. HP: 29/29 MP: 1/1
   858 | D:2      | Noticed Robin
   868 | D:2      | Killed Robin
   876 | D:2      | Reached skill level 3 in Maces & Flails
   960 | D:2      | Reached XP level 3. HP: 36/36 MP: 2/2
  1133 | D:2      | Found a faded altar of an unknown god.
  1453 | D:2      | Noticed Sigmund
  1704 | D:2      | Killed Sigmund
  1705 | D:2      | Reached skill level 4 in Maces & Flails
  1705 | D:2      | Reached XP level 4. HP: 36/44 MP: 3/3
  1705 | D:2      | Reached XP level 5. HP: 42/52 MP: 4/4
  1839 | D:3      | Noticed Ijyb
  1875 | D:3      | Killed Ijyb
  2179 | D:3      | Noticed Grinder
  2180 | D:3      | Paralysed by Grinder for 2 turns
  2235 | D:3      | Paralysed by Grinder for 6 turns
  2288 | D:3      | Paralysed by Grinder for 6 turns
  2304 | D:3      | Killed Grinder
  2305 | D:3      | Reached skill level 5 in Maces & Flails
  2305 | D:3      | Reached XP level 6. HP: 61/61 MP: 5/5
  2379 | D:3      | Reached skill level 1 in Shields
  2379 | D:3      | Reached XP level 7. HP: 64/67 MP: 6/6
  2471 | D:3      | Found a runed translucent door.
  2472 | D:3      | Noticed Crazy Yiuf
  2482 | D:3      | Killed Crazy Yiuf
  2585 | D:3      | Found a stormy altar of Qazlal.
  2907 | D:3      | Noticed Jessica
  2923 | D:3      | Killed Jessica
  3351 | D:4      | You fall into a shaft and drop 2 floors!
  3547 | D:5      | Entered Level 5 of the Dungeon
  3885 | D:5      | Reached skill level 6 in Maces & Flails
  3918 | D:5      | Reached XP level 8. HP: 67/78 MP: 7/7
  4417 | D:5      | Found Bemet's Mayhem Merchandise.
  4443 | D:5      | HP: 3/74 [ice beast (3)]
  4443 | D:5      | Slain by an ice beast

Illustrated notes

Levels and vault maps discovered:
D:1:      zelgadis_glass_arrival_large, layout_basic
D:2:      layout_basic, hellmonk_ecumenical_altar_inner_sanctum,
          kennysheep_doodads, uniq_robin, uniq_sigmund
D:3:      layout_basic, grunt_qazlal_clouds, serial_bayou, serial_bayou_pond_e,
          serial_bayou_shore_b, serial_bayou_pond_a, serial_bayou_shore_a,
          hangedman_glass_garden, uniq_jessica, uniq_ijyb,
          uniq_crazy_yiuf_cottage, uniq_grinder
D:4:      layout_basic
D:5:      layout_basic, grunt_ministairs_12, minmay_shop_mayhem
D:6:      layout_loops_corners

Skill      XL: |  1  2  3  4  5  6  7  8 |
---------------+-------------------------+-----
Dodging        | 3 4 |  4.3
Maces & Flails | 3 4 5 6 |  6.4
Fighting       | 3 4 |  4.1
Shields        | 1 |  1.7
Stealth        | 2 |  2.1
Staves         | |  0.8
Throwing       | |  0.6
Unarmed Combat | |  0.7

Action                   |  1- 3 |  4- 6 |  7- 9 || total
-------------------------+-------+-------+-------++-------
Melee: Mace              |    79 |   103 |    75 ||   257
       Unarmed           |       |     5 |       ||     5
       Punch             |       |     2 |     4 ||     6
       Giant spiked club |       |       |   102 ||   102
       Quarterstaff      |       |       |     4 ||     4
Throw: Stone             |     4 |     1 |       ||     5
  Use: Scroll            |       |       |     2 ||     2
 Stab: Sleeping          |     1 |     1 |     5 ||     7
Armor: Robe              |    26 |    20 |    65 ||   111
       Skin              |       |     2 |       ||     2
Dodge: Dodged            |    21 |    27 |    75 ||   123
Block: Other             |    13 |    19 |    47 ||    79
       Reflection        |       |       |     4 ||     4
